 Dungeon Crawl Stone Soup version 0.25-a0-362-g90ccd6aac3 (webtiles) character file.

Game seed: 5873455668690577268, levelgen mode: deterministic

634 Conn the Sneak (level 7, -1/46 HPs)
             Began as an Octopode Wizard on Jan 4, 2020.
             Slain by Duvessa
             ... wielding a +0 short sword of holy wrath
              (9 damage)
             ... on level 5 of the Dungeon.
             The game lasted 00:12:49 (4428 turns).

Conn the Sneak (Octopode Wizard)                    Turns: 4428, Time: 00:12:50

Health: -1/46      AC:  1    Str:  9    XL:     7   Next: 49%
Magic:  7/13       EV: 13    Int: 20    God:
Gold:   250        SH:  0    Dex: 10    Spells: 4/15 levels left

rFire    . . .     SeeInvis .   e - +1 short sword (flame)
rCold    . . .     Gourm    .   (no shield)
rNeg     . . .     Faith    .   a - +0 hat
rPois    .         Spirit   .   (no amulet)
rElec    .         Reflect  .   c - ring of wizardry
rCorr    .         Harm     .   (no ring)
MR       .....                  (no ring)
Stlth    ++++......             (no ring)
HPRegen  0.15/turn              (no ring)
MPRegen  0.13/turn              (no ring)
                                (no ring)
                                (no ring)

@: no status effects
A: almost no armour, stealthy swim, amphibious, 8 rings, constrict 8, camouflage
1, gelatinous body 1
a: no special abilities


You were on level 5 of the Dungeon.
You were not hungry.

You visited 1 branch of the dungeon, and saw 5 of its levels.

You collected 250 gold pieces.

Inventory:

Hand Weapons
 e - a +1 short sword of flaming (weapon)
Missiles
 b - 13 poisoned darts (quivered)
Armour
 a - a +0 hat (worn)
 o - a +0 buckler
Jewellery
 c - a ring of wizardry (left tentacle)
Wands
 t - a wand of iceblast (10)
Scrolls
 h - a scroll of enchant weapon {unknown}
 i - 5 scrolls of teleportation {unknown}
 j - 3 scrolls of identify {unknown}
 l - 2 scrolls of amnesia {unknown}
 n - a scroll of remove curse {unknown}
 r - a scroll of fear {unknown}
Potions
 d - 2 potions of berserk rage {unknown}
 f - a potion of magic {unknown}
 g - 3 potions of lignification {unknown}
 m - 4 potions of curing
 q - a potion of heal wounds {unknown}
 s - 3 potions of degeneration {unknown}
 u - a potion of resistance {unknown}
Comestibles
 k - 2 rations


   Skills:
 * Level 3.1 Fighting
 + Level 2.7 Short Blades
 + Level 2.5 Dodging
 + Level 5.0 Stealth
 * Level 4.5 Spellcasting
 * Level 3.4 Conjurations
 + Level 1.2 Summonings
 + Level 1.2 Translocations
 + Level 0.1 Fire Magic
 + Level 0.1 Air Magic


You had 4 spell levels left.
You knew the following spells:

 Your Spells              Type           Power        Failure   Level  Hunger
a - Magic Dart            Conj           ###.         1%          1    None
b - Blink                 Tloc           N/A          4%          2    #......
c - Call Imp              Summ           #.......     4%          2    #......
d - Conjure Flame         Conj/Fire      ##......     7%          3    ##.....
e - Mephitic Cloud        Conj/Pois/Air  #.......     9%          3    ##.....

Your spell library contained the following spells:

 Spells                   Type           Power        Failure   Level  Hunger
 Confusing Touch          Hex            #.....       4%          1    None
 Slow                     Hex            #.......     8%          2    #......
 Gell's Gravitas          Tloc           #.........   9%          3    ##.....
 Confuse                  Hex            #.......     16%         3    ##.....
 Petrify                  Tmut/Erth      #.......     43%         4    ####...
 Metabolic Englaciation   Hex/Ice        #.........   77%         5    ######.
 Yara's Violent Unravell  Hex/Tmut       #.........   77%         5    ######.


Dungeon Overview and Level Annotations

Branches:
Dungeon (5/15)
 Temple: D:4-7

Altars:
Elyvilon
Hepliaklqana
Makhleb
Okawaru
Xom
The Shining One

Shops:
D:5 *

Annotations:
D:5 Dowan, Duvessa


Innate Abilities, Weirdness & Mutations

You cannot wear most types of armour.
You are very stealthy in the water. (Stealth+)
You are amphibious.
You can wear up to eight rings at the same time.
You can use your tentacles to constrict eight enemies at once.
Your skin changes colour to match your surroundings (Stealth+).
Your rubbery body absorbs attacks. (AC +1, EV +1)


Message History

Duvessa hits you with a +0 short sword of holy wrath!
Unknown command.
You hit Duvessa. You burn Duvessa.
Duvessa is heavily wounded.
You constrict Duvessa.
Duvessa is engulfed in noxious fumes.
Duvessa appears confused.
Duvessa struggles to escape constriction.
Your shadow imp completely misses Duvessa.
You hit Duvessa. You burn Duvessa.
Duvessa is heavily wounded.
You constrict Duvessa.
Duvessa hits you with a +0 short sword of holy wrath!
* * * LOW HITPOINT WARNING * * *
Your shadow imp hits Duvessa but does no damage.
Unknown command.
You hit Duvessa but do no damage. You squeeze Duvessa.
Duvessa is severely wounded.
You constrict Duvessa.
Duvessa hits you with a +0 short sword of holy wrath!
You die...

##..# #... #..# ###
#.<# #.. #..# #e#
#..# # #.# #..#
#.##.#########..###
#..<.#@...........#
#.e5)...∩##.##.##
#.#.###..##.#....
#.#.# #............
#.#.# ##)##.#..####
#.#.# #.##.#..
#.#.# #........#
#.#......##.####
#.#####..# ..


You could see Duvessa (confused) and a friendly shadow imp.

Vanquished Creatures
  Sigmund (D:3)
  An ogre (D:4)
  A centaur (D:5)
  A bullfrog skeleton (D:4)
  2 centaur skeletons
  2 worker ants
  A hound skeleton (D:5)
  3 gnolls (D:2)
  4 adders (D:2)
  An ooze (D:2)
  An adder skeleton (D:4)
  3 worms
  A dart slug (D:1)
  2 leopard geckos (D:1)
  3 orcs (D:4)
  A ball python (D:1)
  4 giant cockroaches
  10 goblins
  9 hobgoblins
  2 quokkas
  6 bats
  4 frilled lizards
  A giant cockroach zombie (D:5)
  7 kobolds
  A rat (D:2)
72 creatures vanquished.

Vanquished Creatures (collateral kills)
  Jessica (D:2)
  A giant cockroach (D:2)
  A hobgoblin (D:2)
3 creatures vanquished.

Vanquished Creatures (others)
  A scorpion (D:4)
  A worker ant (D:4)
  An orc wizard (D:4)
  An adder (D:4)
  A worm (D:4)
5 creatures vanquished.

Grand Total: 80 creatures vanquished

Notes
Turn   | Place    | Note
-------+----------+-------------------------------------------
     0 | D:1      | Conn the Octopode Wizard began the quest for the Orb.
     0 | D:1      | Reached XP level 1. HP: 11/11 MP: 4/4
    97 | D:1      | Reached skill level 3 in Stealth
   198 | D:1      | Reached XP level 2. HP: 17/17 MP: 4/6
   700 | D:2      | Reached XP level 3. HP: 11/21 MP: 8/8
  1076 | D:1      | Learned a level 2 spell: Blink
  1079 | D:1      | Learned a level 2 spell: Call Imp
  1083 | D:1      | Learned a level 3 spell: Conjure Flame
  1116 | D:2      | Noticed Jessica
  1691 | D:2      | Reached XP level 4. HP: 13/27 MP: 10/10
  1844 | D:1      | Learned a level 3 spell: Mephitic Cloud
  1857 | D:2      | Killed Jessica
  1963 | D:2      | Found a burning altar of Makhleb.
  2147 | D:2      | Reached skill level 1 in Fighting
  2270 | D:2      | Found a hazy altar of Hepliaklqana.
  2271 | D:2      | Found a shimmering altar of Xom.
  2271 | D:2      | Noticed a tentacled monstrosity
  2272 | D:2      | Noticed a tentacled monstrosity
  2272 | D:2      | Noticed a spectral ugly thing
  2277 | D:2      | Reached XP level 5. HP: 30/33 MP: 11/11
  2587 | D:2      | Reached skill level 1 in Short Blades
  2828 | D:3      | Found a white marble altar of Elyvilon.
  3077 | D:3      | Found an iron altar of Okawaru.
  3164 | D:3      | Noticed Sigmund
  3176 | D:3      | Killed Sigmund
  3176 | D:3      | Reached skill level 4 in Stealth
  3176 | D:3      | Reached XP level 6. HP: 30/39 MP: 6/12
  3635 | D:4      | Reached XP level 7. HP: 40/45 MP: 7/13
  3728 | D:4      | Found a glowing golden altar of the Shining One.
  3771 | D:4      | Found a shimmering altar of Xom.
  4326 | D:5      | Entered Level 5 of the Dungeon
  4330 | D:5      | Found Kasodah's General Store.
  4395 | D:5      | Reached skill level 5 in Stealth
  4415 | D:5      | Noticed Dowan
  4421 | D:5      | Noticed Duvessa
  4428 | D:5      | Slain by Duvessa

Levels and vault maps discovered:
D:1:      lightli_iron_boxes, layout_rooms
D:2:      layout_loops_ring, regret_index_temple_of_mockery,
          overflow_temple_1_default, uniq_jessica
D:3:      layout_loops_cross, lemuel_doored_altar, elyvilon_altar_5,
          uniq_sigmund
D:4:      layout_gridville, tso_altar, xom_confusion_cloud
D:5:      layout_loops_ring, first_ration, basic_altar, serial_shops, shop,
          uniq_ijyb, uniq_duvessa, uniq_eustachio

Skill      XL: |  1  2  3  4  5  6  7 |
---------------+----------------------+-----
Stealth        | 3 4 5 |  5.0
Spellcasting   | 4 |  4.5
Conjurations   | 2 3 |  3.4
Fighting       | 1 2 3 |  3.1
Short Blades   | 1 2 |  2.7
Dodging        | |  2.5
Summonings     | |  1.2
Translocations | |  1.2
Fire Magic     | |  0.1
Air Magic      | |  0.1

Action                   |  1- 3 |  4- 6 |  7- 9 || total
-------------------------+-------+-------+-------++-------
Melee: Short sword       |    42 |    71 |    42 ||   155
       Constrict         |     8 |    11 |     9 ||    28
       Tentacles         |     4 |     8 |     8 ||    20
       Unarmed           |     1 |       |       ||     1
Throw: Dart              |     8 |       |       ||     8
 Cast: Magic Dart        |    25 |    20 |     8 ||    53
       Call Imp          |     2 |     3 |     1 ||     6
       Blink             |     1 |     1 |       ||     2
       Conjure Flame     |     1 |       |       ||     1
       Mephitic Cloud    |       |     2 |     2 ||     4
  Use: Potion            |     1 |       |       ||     1
 Stab: Sleeping          |     2 |    10 |     3 ||    15
       Confused          |       |     2 |     2 ||     4
       Distracted        |       |     1 |       ||     1
  Eat: Ration            |     1 |       |       ||     1
       Chunk             |       |     5 |     3 ||     8
Armor: Skin              |    11 |     8 |     2 ||    21
Dodge: Dodged            |    52 |    43 |    23 ||   118

Table legend:
 A = Non-vault XP
 B = Vault XP
 C = Vault XP percentage of total XP
 D = Non-vault monster count
 E = Vault monster count
 F = Vault count percentage of total count
                 A         B        C        D         E       F
            +---------+---------+-------+---------+---------+-------
      Total |     660 |     247 |  27.2 |      71 |       4 |   5.3
            +---------+---------+-------+---------+---------+-------
        D:1 |      29 |       0 |   0.0 |      15 |       0 |   0.0
        D:2 |     138 |      19 |  12.1 |      27 |       1 |   3.6
        D:3 |      59 |     223 |  79.1 |      14 |       1 |   6.7
        D:4 |     260 |       5 |   1.9 |      10 |       2 |  16.7
        D:5 |     174 |       0 |   0.0 |       5 |       0 |   0.0
            +---------+---------+-------+---------+---------+-------
